 Dungeon Crawl Stone Soup version 0.22.1 (webtiles) character file.

17 Nyarlathotep the Insei (level 2, -1/18 HPs)
             Began as an Octopode Transmuter on Sept 17, 2018.
             Was an Initiate of Ashenzari.
             Slain by a goblin (4 damage)
             ... led by Robin
             ... on level 2 of the Dungeon.
             The game lasted 00:06:25 (1212 turns).

Nyarlathotep the Insei (Octopode Transmuter)        Turns: 1212, Time: 00:06:26

Health: -1/18      AC:  1    Str:  9    XL:     2   Next: 62%
Magic:  5/5        EV: 13    Int: 15    God:    Ashenzari [......]
Gold:   101        SH:  0    Dex: 12    Spells: 5/5 levels left

rFire    . . .     SeeInvis .   f - -1 whip (curse)
rCold    . . .     Gourm    .   (no shield)
rNeg     . . .     Faith    .   (helmet restricted)
rPois    .         Spirit   .   (no amulet)
rElec    .         Reflect  .   (no ring)
rCorr    .         Harm     .   (no ring)
MR       .....                  (no ring)
Stlth    +++.......             (no ring)
HPRegen  0.06/turn              (no ring)
MPRegen  0.09/turn              (no ring)
                                (no ring)
                                (no ring)

@: no status effects
A: almost no armour, stealthy swim, amphibious, 8 rings, constrict 8, camouflage
1, gelatinous body 1
a: Curse Item, Renounce Religion


You were on level 2 of the Dungeon.
You worshipped Ashenzari.
Ashenzari was noncommittal.
You were not hungry.

You visited 1 branch of the dungeon, and saw 2 of its levels.

You collected 101 gold pieces.

Inventory:

Hand Weapons
 f - a cursed -1 whip (weapon)
Missiles
 a - 36 arrows
 e - 25 poisoned needles
Scrolls
 b - 2 scrolls of remove curse
 d - 2 scrolls of teleportation
Potions
 g - a potion of brilliance {unknown}
 h - 2 potions of heal wounds {unknown}
 i - a potion of agility {unknown}
Comestibles
 c - 3 rations
 k - 3 chunks of flesh


   Skills:
 + Level 1.0 Fighting
 + Level 0.2 Maces & Flails
 + Level 2.0 Dodging
 + Level 1.0 Stealth
 + Level 3.6 Unarmed Combat
 + Level 2.0 Spellcasting
   Level 2.0 Transmutations


You had 5 spell levels left.
You didn't know any spells.
Your spell library contained the following spells:

 Spells                   Type           Power        Failure   Level  Hunger
 Beastly Appendage        Tmut           #.....       10%         1    #......
 Sticks to Snakes         Tmut           #.......     14%         2    ###....
 Spider Form              Tmut/Pois      #.........   41%         3    ###....
 Ice Form                 Ice/Tmut       #.......     82%         4    #####..
 Blade Hands              Tmut           #.........   95%         5    ######.


Dungeon Overview and Level Annotations

Branches:
Dungeon (2/15)

Altars:
Ashenzari

Annotations:
D:2 Robin


Innate Abilities, Weirdness & Mutations

You cannot wear most types of armour.
You are very stealthy in the water. (Stealth+)
You are amphibious.
You can wear up to eight rings at the same time.
You can use your tentacles to constrict eight enemies at once.
Your skin changes colour to match your surroundings (Stealth+).
Your rubbery body absorbs attacks. (AC +1, EV +1)


Message History

4 goblins come into view.
Found an uncursed ring mail.
There is an open door here. 4 goblins and Robin come into view.
The goblin shouts! x4; Robin shouts!
Robin throws the goblin at you!
A goblin comes into view.
A hobgoblin comes into view. It is wielding a club.
The goblin shouts! x2
You hear a shout!
There is an open door here.
There is an open door here.
Robin throws the goblin at you! The goblin hits you with a dagger.
* * * LOW HITPOINT WARNING * * *
As you open the door, it creaks loudly!
You hear a shout!
The goblin hits you with a dagger.
* * * LOW HITPOINT WARNING * * *
The goblin hits you.
You die...

# #.♣P....# ######.#### #... #
#.♣PP...# #.# #.(# ##..♣♣P..#
##+## #..# #..P.♣P..# ##...##
#... #.#.PP♣♣P.# ##.....## ##.#
#.##..P♣.P.###.......## ##..#
####.##...♣♣...#.........####...#
............♣..'.......).'.......
####.####...P #@g....>÷.####....
#... .... ##g......## ##.## #####
##. ##g....## #### ##...## #
##g## # #g# # #.# # #g# # .g.


You could see 5 goblins.

Vanquished Creatures
  A bat (D:2)
  A giant cockroach (D:2)
  4 goblins (D:2)
  2 hobgoblins (D:1)
  A quokka (D:2)
  A frilled lizard (D:2)
  4 kobolds
  2 rats
16 creatures vanquished.

Notes
Turn   | Place    | Note
-------+----------+-------------------------------------------
     0 | D:1      | Nyarlathotep the Octopode Transmuter began the quest for
                  | the Orb.
     0 | D:1      | Reached XP level 1. HP: 13/13 MP: 3/3
   191 | D:1      | Found a shattered altar of Ashenzari.
   197 | D:1      | Became a worshipper of Ashenzari the Shackled
   741 | D:2      | Reached XP level 2. HP: 18/18 MP: 5/5
  1185 | D:2      | Reached skill level 1 in Stealth
  1204 | D:2      | Noticed Robin
  1212 | D:2      | Slain by a goblin

Skill      XL: |  1  2 |
---------------+-------+-----
Stealth        | 1 |  1.0
Fighting       | |  1.0
Maces & Flails | |  0.2
Dodging        | |  2.0
Unarmed Combat | |  3.6
Spellcasting   | |  2.0
Transmutations | |  2.0

Action                   || total
-------------------------++-------
Melee: Whip              ||    28
       Unarmed           ||     5
       Constrict         ||    11
       Tentacles         ||     5
       Kick              ||     2
       Punch             ||     1
 Cast: Beastly Appendage ||     1
  Use: Scroll            ||     5
 Stab: Sleeping          ||     4
  Eat: Chunk             ||     1
Armor: Skin              ||     1
Dodge: Dodged            ||    19
